 Dungeon Crawl Stone Soup version 0.24.0-37-gcf1ca852f1 (webtiles) character file.

Game seed: 1130217404374923712, levelgen mode: deterministic

126 Mrkan the Shield-Bearer (level 4, -7/41 HPs)
             Began as a Minotaur Fighter on Dec 3, 2019.
             Mangled by an ogre
             ... wielding a +0 giant club
              (21 damage)
             ... on level 6 of the Dungeon.
             The game lasted 00:02:39 (1345 turns).

Mrkan the Shield-Bearer (Minotaur Fighter)          Turns: 1345, Time: 00:02:40

Health: -7/41      AC: 10    Str: 21    XL:     4   Next: 84%
Magic:  3/3        EV:  5    Int:  5    God:
Gold:   84         SH:  9    Dex: 10    Spells: 3/3 levels left

rFire    . . .     SeeInvis .   a - +0 war axe
rCold    . . .     Gourm    .   c - +0 shield
rNeg     . . .     Faith    .   t - +0 chain mail
rPois    .         Spirit   .   (helmet restricted)
rElec    .         Reflect  .   (no cloak)
rCorr    .         Harm     .   o - +0 pair of gloves
MR       .....                  (no boots)
Stlth    ..........             (no amulet)
HPRegen  0.13/turn              (no ring)
MPRegen  0.08/turn              (no ring)

@: no status effects
A: retaliatory headbutt, horns 2
a: no special abilities


You were on level 6 of the Dungeon.
You were hungry.

You visited 1 branch of the dungeon, and saw 4 of its levels.

You collected 84 gold pieces.

Inventory:

Hand Weapons
 a - a +0 war axe (weapon)
Missiles
 m - 5 javelins (quivered)
Armour
 c - a +0 shield (worn)
 o - a +0 pair of gloves (worn)
 t - a +0 chain mail (worn)
Scrolls
 e - 2 scrolls of fog {unknown}
 g - 2 scrolls of identify {unknown}
 h - 4 scrolls of teleportation {unknown}
 j - 6 scrolls of remove curse {unknown}
 k - a scroll of magic mapping {unknown}
 p - a scroll of blinking {unknown}
 s - a scroll of enchant armour {unknown}
Potions
 d - 2 potions of might
 i - a potion of agility {unknown}
 l - a potion of lignification {unknown}
 n - 2 potions of heal wounds {unknown}
 q - a potion of brilliance {unknown}
Comestibles
 f - 4 rations
 r - 9 chunks of flesh


   Skills:
 + Level 4.4 Fighting
 * Level 4.2 Axes
 + Level 4.4 Armour
 + Level 4.4 Shields


You had 3 spell levels left.
You didn't know any spells.
Your spell library was empty.

Dungeon Overview and Level Annotations

Branches:
Dungeon (3/15)

Altars:

Annotations:
D:6 Blork the orc, Pikel


Innate Abilities, Weirdness & Mutations

You reflexively headbutt those who attack you in melee.
You have a pair of horns on your head.


Message History

An ogre comes into view. It is wielding a +0 giant club.
The ogre shouts!
The orc barely misses you.
An adder comes into view.
A worker ant comes into view.
The worker ant twitches its antennae in your direction.
The ogre hits you with a +0 giant club.
You barely miss the ogre. You headbutt the ogre.
The ogre is lightly wounded.
You hit the gnoll. The gnoll hits you with a +0 flail.
You block the ogre's attack.
You slash the ogre!
The ogre is severely wounded.
Your chain mail prevents you from hitting the adder.
You hit the orc but do no damage. You slash the gnoll!
You kill the gnoll!
The orc hits you but does no damage. You block the adder's attack.
The ogre hits you with a +0 giant club!!
Ouch! That really hurt!
You die...

... ..# #.# #.## #a.#
### #..# #########..
#OS# ..##.. .... #@.#
#.##.# #.. #)o# ##.##.#
##. .######K##.##.##.#
#.. .......p...##.##.#
#..
#######g#####.##.####..
#.o..pg.p........
#.#############.# #.#
#.# #.# #.#


You could see Pikel, Blork the orc, an ogre, a slave, a worker ant, a gnoll, an
adder and an orc.

Vanquished Creatures
  A wyvern skeleton (D:6)
  A killer bee zombie (D:6)
  A gnoll (D:6)
  An ooze (D:3)
  A worm (D:2)
  A dart slug (D:2)
  2 leopard geckos
  5 goblins
  6 hobgoblins
  5 jackals (D:1)
  A ball python (D:2)
  A bat (D:2)
  A frilled lizard (D:2)
  2 kobolds (D:2)
  5 rats
34 creatures vanquished.

Notes
Turn   | Place    | Note
-------+----------+-------------------------------------------
     0 | D:1      | Mrkan the Minotaur Fighter began the quest for the Orb.
     0 | D:1      | Reached XP level 1. HP: 19/19 MP: 0/0
   259 | D:1      | Reached XP level 2. HP: 27/27 MP: 1/1
   688 | D:2      | Reached XP level 3. HP: 12/33 MP: 2/2
  1280 | D:3      | You fall into a shaft and drop 3 floors!
  1310 | D:6      | Noticed Pikel
  1311 | D:6      | Noticed a slave
  1311 | D:6      | Noticed a slave
  1313 | D:6      | Noticed a slave
  1314 | D:6      | Noticed a slave
  1320 | D:6      | Reached XP level 4. HP: 21/41 MP: 3/3
  1325 | D:6      | Noticed Blork the orc
  1340 | D:6      | Noticed an ogre
  1345 | D:6      | Mangled by an ogre

Levels and vault maps discovered:
D:1:      scummos_arrival_forest, layout_rooms
D:2:      layout_rooms
D:3:      layout_basic, overflow_temple_1_default, cheibrodos_sewer_entry_drain,
          chequers_ecumenical_altar_island
D:6:      layout_loops_ring, elyvilon_altar_3, minmay_temple_entry_mist,
          uniq_crazy_yiuf_cottage, uniq_blork_the_orc, uniq_pikel

Skill      XL: |  1  2  3 |
---------------+----------+-----
Axes           | 3 4 |  4.2
Shields        | 4 |  4.4
Fighting       | 4 |  4.4
Armour         | 4 |  4.4

Action                   |  1- 3 |  4- 6 || total
-------------------------+-------+-------++-------
Melee: War axe           |    91 |     2 ||    93
       Headbutt          |    10 |     1 ||    11
  Eat: Chunk             |     1 |       ||     1
Armor: Scale mail        |    22 |       ||    22
       Chain mail        |    11 |     1 ||    12
Dodge: Dodged            |    29 |     2 ||    31
Block: Shield            |    55 |     4 ||    59
